 Dungeon Crawl Stone Soup version 0.22-a0-480-g991dd4b (webtiles) character file.

121 KillYourself the Slasher (level 4, -1/40 HPs)
             Began as a Draconian Berserker on June 16, 2018.
             Was a Believer of Trog.
             Killed from afar by an orc wizard (16 damage)
             ... with a puff of flame
             ... on level 4 of the Dungeon.
             The game lasted 00:07:27 (2144 turns).

KillYourself the Slasher (Draconian Berserker)      Turns: 2144, Time: 00:07:27

Health: -1/40      AC:  5    Str: 20    XL:     4   Next: 77%
Magic:  4/4        EV: 13    Int:  7    God:    Trog [**....]
Gold:   132        SH:  0    Dex: 11    Spells: 3/3 levels left

rFire    x . .     SeeInvis .   a - +0 falchion
rCold    + . .     Gourm    .   (no shield)
rNeg     . . .     Faith    .   (armour unavailable)
rPois    .         Spirit   .   (helmet restricted)
rElec    .         Reflect  .   (no cloak)
rCorr    .         Harm     .   (no gloves)
MR       .....                  (no boots)
Stlth    +.........             f - amulet of magic regeneration
HPRegen  0.13/turn              j - ring of ice
MPRegen  0.34/turn              (no ring)

@: no status effects
A: unfitting armour, cold-blooded, AC +5
a: Berserk, Trog's Hand, Renounce Religion


You were on level 4 of the Dungeon.
You worshipped Trog.
Trog was pleased with you.
You were not hungry.

You visited 1 branch of the dungeon, and saw 4 of its levels.

You collected 132 gold pieces.

Inventory:

Hand Weapons
 a - a +0 falchion (weapon)
Jewellery
 f - an amulet of magic regeneration (around neck)
 j - a ring of ice (left hand)
Wands
 h - a wand of paralysis (9)
Scrolls
 c - 2 scrolls of random uselessness {unknown}
 d - 4 scrolls of identify {unknown}
 e - a scroll of magic mapping {unknown}
 i - a scroll of fog {unknown}
 k - a scroll of enchant armour {unknown}
 m - a scroll of teleportation {unknown}
 n - a scroll of blinking {unknown}
Potions
 g - a potion of agility
Comestibles
 b - 7 rations


   Skills:
 + Level 4.1 Fighting
 + Level 4.5 Long Blades
 + Level 3.3 Dodging
 + Level 0.2 Stealth


You had 3 spell levels left.
You didn't know any spells.
Your spell library was empty.

Dungeon Overview and Level Annotations

Branches:
Dungeon (4/15)
 Temple: D:4-7

Altars:
Okawaru


Innate Abilities, Weirdness & Mutations

Your plain brown scales are hard. (AC +5)
You cannot fit into any form of body armour.
You are cold-blooded and may be slowed by cold attacks.


Message History

The orc wizard gestures wildly while chanting.
The orc wizard flickers and vanishes!
Deactivating autopickup; reactivate with Ctrl-A.
The orc closely misses you.
You hit something. Something hits you but does no damage.
The orc hits you with a short sword.
You bump into the rock wall.
Something hits you but does no damage. The orc hits you with a short sword.
Something barely misses you.
You bump into the rock wall.
Something hits you but does no damage. The orc misses you.
You bump into the rock wall.
You feel less confused. Something barely misses you.
The orc hits you with a short sword.
You hit the orc but do no damage. Something hits you but does no damage.
The orc hits you but does no damage.
You hear some strange, mumbled words.
A puff of flame appears from out of thin air!
The puff of flame hits you! The fire burns you terribly!
You die...

## ### .. ..# .#
###.# ### .#
##...####@##.#####
.###.....##o{.....)..
.........#.....#.#.#
=...>...).........#
..#<...†......#..#
....##.###...#...##
... .[ #.# ##.###.##
#.... #.# ### .#
#.....# #.# .#


You could see an orc.

Vanquished Creatures
  4 adders
  3 worms
  6 leopard geckos
  An orc (D:4)
  11 bats
  4 giant cockroaches
  5 goblins
  4 hobgoblins
  7 jackals
  7 kobolds
  2 quokkas
  3 frilled lizards
  10 rats
67 creatures vanquished.

Notes
Turn   | Place    | Note
-------+----------+-------------------------------------------
     0 | D:1      | KillYourself the Draconian Berserker began the quest for the Orb.
     0 | D:1      | Reached XP level 1. HP: 19/19 MP: 1/1
    42 | D:1      | Reached XP level 2. HP: 20/26 MP: 2/2
   661 | D:2      | Reached XP level 3. HP: 33/33 MP: 3/3
   736 | D:2      | Reached ** piety under Trog
  1101 | D:2      | Found an iron altar of Okawaru.
  1513 | D:3      | Reached XP level 4. HP: 37/40 MP: 4/4
  2144 | D:4      | Killed from afar by an orc wizard

Vault maps used:
D:1:      eino_arrival_tree_alley
D:2:      okawaru_ov_weapons_minmay
D:3:      first_ration, fountainhead, minivault_23, st_stairs_2,
          minmay_misc_feat_plants
D:4:      kennysheep_goblin_castle, old_standard_altar, tso_altar, uniq_ijyb

Skill      XL: |  1  2  3 |
---------------+----------+-----
Dodging        | 3 |  3.3
Long Blades    | 4 |  4.5
Fighting       | 4 |  4.1
Stealth        | |  0.2

Action                   |  1- 3 |  4- 6 || total
-------------------------+-------+-------++-------
Melee: Falchion          |   125 |    67 ||   192
       Tailslap          |    13 |     9 ||    22
Invok: Berserk           |     3 |     1 ||     4
  Use: Potion            |     1 |     5 ||     6
 Stab: Sleeping          |     2 |     1 ||     3
  Eat: Chunk             |     5 |     3 ||     8
Armor: Skin              |    50 |    15 ||    65
Dodge: Dodged            |    99 |    45 ||   144
       Rpst.: Falchion   |    31 |    20 ||    51

Table legend:
 A = Spawn XP
 B = Non-spawn XP
 C = Spawn XP percentage of total XP
 D = Spawn monster count
 E = Non-spawn monster count
 F = Spawn count percentage of total count
 G = Total turns spent on level
                    A         B        C        D         E        F      G
               +---------+---------+-------+---------+---------+-------+---------
         Total |       0 |     174 |   0.0 |       0 |      67 |   0.0 |  2144
               +---------+---------+-------+---------+---------+-------+---------
           D:1 |       0 |      39 |   0.0 |       0 |      23 |   0.0 |   658
           D:2 |       0 |      41 |   0.0 |       0 |      15 |   0.0 |   774
           D:3 |       0 |      88 |   0.0 |       0 |      27 |   0.0 |   663
           D:4 |       0 |       6 |   0.0 |       0 |       2 |   0.0 |    49
               +---------+---------+-------+---------+---------+-------+---------
